 Dungeon Crawl Stone Soup version 0.30-a0-937-ga0a21ad780 (webtiles) character file.

Game seed: 2308878040687208686

2 Hades the Trooper (level 1, 0/18 HPs)
             Began as a Demonspawn Fighter on Mar 24, 2023.
             Slain by a jackal (3 damage)
             ... on level 1 of the Dungeon.
             The game lasted 00:00:27 (85 turns).

Hades the Trooper (Demonspawn Fighter)                Turns: 85, Time: 00:00:28

Health: 0/18       AC:  6    Str: 16    XL:     1   Next: 33%
Magic:  1/1        EV:  8    Int:  9    God:
Gold:   0          SH:  4    Dex: 12    Spells: 0/0 levels left

rFire   . . .      SeeInvis .    a - +0 long sword
rCold   . . .      Faith    .    c - +0 buckler
rNeg    . . .      Spirit   .    b - +0 scale mail
rPois   .          Reflect  .    (no helmet)
rElec   .          Rampage  .    (no cloak)
rCorr   .                        (no gloves)
Will    .....                    (no boots) Stlth
                                 (no amulet)
HPRegen 0.23/turn                (no ring)
MPRegen 0.07/turn                (no ring)

@: no status effects
A: no striking features
a: no special abilities


You were on level 1 of the Dungeon.
You visited 1 branch of the dungeon, and saw 1 of its levels.

Inventory:

Hand Weapons
 a - a +0 long sword (weapon)
Armour
 b - a +0 scale mail (worn)
 c - a +0 buckler (worn)
Potions
 d - a potion of might


   Skills:
 + Level 3.0 Fighting
 + Level 1.8 Long Blades
 + Level 2.7 Armour
 + Level 2.7 Shields


You couldn't memorise any spells.
You didn't know any spells.
Your spell library was empty.

Dungeon Overview and Level Annotations

Branches:
Dungeon (1/15)

Altars:


Message History

The jackal barks! x2; You hear a bark!
A jackal comes into view.
There is an open door here.
You slash the goblin!
You kill the goblin!
You hit the jackal but do no damage. You block the jackal's attack.
The jackal closely misses you. The jackal barely misses you.
You barely miss the jackal.
The jackal bites you but does no damage.
The jackal bites you. The jackal barely misses you.
The jackal bites you but does no damage.
You block the jackal's attack.
The jackal bites you but does no damage.
You barely miss the jackal. The jackal barely misses you.
You block the jackal's attack.
The jackal bites you but does no damage.
The jackal bites you. The jackal barely misses you. The jackal bites you.
You hit the jackal.
The jackal is moderately wounded.
You block the jackal's attack. The jackal closely misses you.
The jackal bites you but does no damage.
The jackal completely misses you. The jackal barely misses you.
The jackal bites you but does no damage.
You closely miss the jackal. The jackal bites you.
You block the jackal's attack. The jackal barely misses you.
You block the jackal's attack. The jackal bites you. x2
You hit the jackal but do no damage.
The jackal is moderately wounded.
The jackal bites you.
* * * LOW HITPOINT WARNING * * *
The jackal barely misses you. The jackal bites you.
* * * LOW HITPOINT WARNING * * *
You block the jackal's attack.
The jackal bites you but does no damage.
The jackal bites you.
* * * LOW HITPOINT WARNING * * *
The jackal attacks as you move away!
The jackal bites you but does no damage.
The jackal bites you.
You die...

+## #..##..####.
#####..###...'.......
#........#.####.####.
#........#.# ##.###.
####........#.# ##.##.
.......†#####.#######.#.
#####.#............###..
#...####.......# ##.
###@#########..####'
#..h.# ##...... #.hh.#
####### #....# #....#
#..... #...... ##+#....
.....


You could see 3 jackals.

Vanquished Creatures
  A ball python (D:1)
  A goblin (D:1)
2 creatures vanquished.

Notes
Turn   | Place    | Note
-------+----------+-------------------------------------------
     0 | D:1      | Hades the Demonspawn Fighter began the quest for the Orb.
     0 | D:1      | Reached XP level 1. HP: 18/18 MP: 1/1
    85 | D:1      | Slain by a jackal

Illustrated notes

Levels and vault maps discovered:
D:1:      roderic_octagonal_star, layout_basic, minmay_liquid_box

Action                     || total
---------------------------++-------
  Melee: Long sword        ||    13
 Armour: Scale mail        ||    11
  Dodge: Dodged            ||    11
  Block: Buckler           ||    10

Table legend: (Time is in decaauts)
 A = Elapsed time spent in this place.
 B = Non-inter-level travel time spent in this place.
 C = Inter-level travel time spent in this place.
 D = Time resting spent in this place.
 E = Time spent auto-exploring this place.
 F = Levels seen in this place.
 G = Mean time per level.
                   A        B        C        D        E       F      G
               +--------+--------+--------+--------+--------+-----+--------+
         Total |     89 |     83 |      6 |      0 |      0 |   1 |   89.0 |
       Dungeon |     89 |     83 |      6 |      0 |      0 |   1 |   89.0 |
               +--------+--------+--------+--------+--------+-----+--------+

Top non-repeatable levels by time:
     D:1: 89 daAuts
